AoeStats
← ronaldo_nazario

Arena

509455552Analyzed
1v1 RM · 4d ago on Sep 26, 2026· 33m 5s· 2 players
Game mode
Random Map
Map size
Tiny (2 player)
Population
200
Speed
Normal
Resources
Standard
Victory
Conquest
Starting age
Dark Age
Ending age
Imperial Age
RankedLock teamsTeams togetherTeam positionsShared explorationLock speedFull tech treeHidden civsTurbo modeCheats
Victory
Defeat
🇪🇸 Celts · Spain
1057
+16
🇺🇸 Vietnamese · United States
1064
-16
ronaldo_nazario
12:19 Feudal Age
11:51 Loom
13:46 Double-Bit Axe
13:43 Horse Collar
16:39 Castle Age
14:40 Stone Mining
15:08 Gold Mining
17:06 Wheelbarrow
18:27 Heavy Plow
18:39 Bow Saw
22:49 Scale Mail Armor
25:29 Forging
28:03 Chain Mail Armor
cannedbeans
11:10 Feudal Age
14:43 Castle Age
12:58 Double-Bit Axe
13:09 Horse Collar
13:50 Gold Mining
14:52 Stone Mining
16:12 Bow Saw
19:07 Loom
19:32 Heavy Plow
22:22 Wheelbarrow
22:03 Town Watch
23:16 Hand Cart
27:45 Imperial Age
26:37 Stone Shaft Mining
26:57 Fletching
28:13 Bodkin Arrow
28:20 Padded Archer Armor
29:34 Chemistry
28:40 Siege Engineers
30:22 Crop Rotation
30:53 Two-Man Saw
30:17 Fortified Wall
30:28 Ballistics
30:18 Masonry
30:10 Bracer
31:24 Thumb Ring
Connection lost

Rejoining the realm…

Still unreachable

The connection could not be restored.

Session expired

The server has moved on; the page needs a fresh start.